 Dungeon Crawl Stone Soup version 0.22.1-2-g9c5b331383 (webtiles) character file.

126 Revguard the Slasher (level 4, -9/34 HPs)
             Began as a Demonspawn Gladiator on Dec 2, 2018.
             Killed from afar by an orc (27 damage)
             ... with an exploding inner flame
             ... hexed by the player character
             ... on level 4 of the Dungeon.
             The game lasted 00:07:10 (2068 turns).

Revguard the Slasher (Demonspawn Gladiator)         Turns: 2068, Time: 00:07:13

Health: -9/34      AC:  8    Str: 15    XL:     4   Next: 83%
Magic:  4/4        EV: 15    Int:  9    God:
Gold:   121        SH:  0    Dex: 15    Spells: 3/3 levels left

rFire    . . .     SeeInvis .   a - +1 long sword
rCold    + . .     Gourm    .   (no shield)
rNeg     . . .     Faith    .   b - +0 leather armour
rPois    .         Spirit   .   c - +0 helmet
rElec    .         Reflect  .   (no cloak)
rCorr    .         Harm     .   i - +0 pair of gloves
MR       .....                  l - +0 pair of boots
Stlth    +.........             (no amulet)
HPRegen  0.11/turn              p - ring of protection from cold
MPRegen  0.09/turn              w - +2 ring of evasion

@: no status effects
A: slimy green scales 1, powered by pain 1
a: no special abilities


You were on level 4 of the Dungeon.
You were hungry.

You visited 1 branch of the dungeon, and saw 4 of its levels.

You collected 121 gold pieces.

Inventory:

Hand Weapons
 a - a +1 long sword (weapon)
Missiles
 d - 3 throwing nets (quivered)
Armour
 b - a +0 leather armour (worn)
 c - a +0 helmet (worn)
 i - a +0 pair of gloves (worn)
 l - a +0 pair of boots (worn)
Jewellery
 p - a ring of protection from cold (left hand)
 w - a +2 ring of evasion (right hand)
 x - an uncursed ring of protection from cold
Wands
 s - a wand of iceblast (9)
 v - a wand of random effects (31)
Scrolls
 g - a scroll of remove curse
 k - a scroll of magic mapping
Potions
 e - a potion of ambrosia {unknown}
 h - 2 potions of lignification
 m - a potion of cancellation
 n - a potion of magic
 o - 3 potions of haste
 q - 2 potions of might
 t - a potion of invisibility
 u - a potion of flight
Comestibles
 f - 8 rations


   Skills:
 + Level 2.6 Fighting
 + Level 4.1 Long Blades
 - Level 1.7 Throwing
 + Level 1.0 Armour
 + Level 3.4 Dodging


You had 3 spell levels left.
You didn't know any spells.
Your spell library was empty.

Dungeon Overview and Level Annotations

Branches:
Dungeon (4/15)
 Temple: D:4-7

Altars:
Okawaru


Innate Abilities, Weirdness & Mutations

You are partially covered in slimy green scales. (AC +2)
You sometimes gain a little power by taking damage.


Message History

The orc explodes!
The fiery explosion engulfs the orc priest.
The orc priest explodes!
The fiery explosion engulfs the orc.
The orc explodes!
The fiery explosion engulfs the orc.
The orc explodes!
The fiery explosion engulfs the orc.
The orc is severely wounded.
The fiery explosion engulfs the orc.
The orc explodes!
The fiery explosion engulfs the orc wizard.
The orc wizard explodes!
The fiery explosion engulfs you!
The fiery explosion engulfs the orc.
The orc explodes!
The fiery explosion engulfs the orc.
The orc explodes!
The fiery explosion engulfs you!
Ouch! That really hurt!
You die...

**************
##...^.##..,,,**
##...?......,,,,**
#........?o.,,,,,***
#...........,,,,,,,,
#.§§§.......,,,,,***
**######§§§§o......,,,,,***
*>.[%.§§§§§§.<.....,,,,,,,,
*,.....§§§@o§......,,,,,**,
*,?...§§§§§o.......,,,,***,
*,.....§§§§§...##..,,,****,
*,.....§§§§#####*********,,
*,.........# *******,,*
*,.........# *,,,,,,,,,
*,.........#* **,*******,
**.####.....* **,,* *,
***,********,****,,** ****


You could see an orc priest and 3 orcs.

Vanquished Creatures
  4 adders
  An ooze (D:3)
  3 worms
  4 dart slugs (D:1)
  4 leopard geckos
  5 orcs
  A ball python (D:2)
  5 bats
  A giant cockroach (D:3)
  7 goblins
  7 hobgoblins
  2 quokkas (D:3)
  3 frilled lizards
  7 kobolds
  6 rats
60 creatures vanquished.

Notes
Turn   | Place    | Note
-------+----------+-------------------------------------------
     0 | D:1      | Revguard the Demonspawn Gladiator began the quest for the
                  | Orb.
     0 | D:1      | Reached XP level 1. HP: 16/16 MP: 1/1
   190 | D:1      | Reached skill level 3 in Long Blades
   190 | D:1      | Gained mutation: You sometimes gain a little power by
                  | taking damage. [demonic ancestry]
   190 | D:1      | Reached XP level 2. HP: 20/22 MP: 2/2
   734 | D:1      | Reached XP level 3. HP: 26/27 MP: 3/3
  1475 | D:3      | Gained mutation: You are partially covered in slimy green
                  | scales. (AC +2) [demonic ancestry]
  1475 | D:3      | Reached XP level 4. HP: 30/34 MP: 4/4
  1762 | D:3      | Reached skill level 4 in Long Blades
  1762 | D:3      | Reached skill level 1 in Armour
  1959 | D:3      | Found an iron altar of Okawaru.
  2068 | D:4      | Killed from afar by an orc

Skill      XL: |  1  2  3  4 |
---------------+-------------+-----
Long Blades    | 3 4 |  4.1
Dodging        | 3 |  3.4
Armour         | 1 |  1.0
Fighting       | |  2.6
Throwing       | |  1.7

Action                   |  1- 3 |  4- 6 || total
-------------------------+-------+-------++-------
Melee: Long sword        |    88 |    53 ||   141
  Use: Scroll            |       |    11 ||    11
       Potion            |       |     1 ||     1
 Stab: Sleeping          |     1 |       ||     1
  Eat: Chunk             |     2 |     1 ||     3
Armor: Leather armour    |    39 |    24 ||    63
Dodge: Dodged            |    80 |    71 ||   151
       Rpst.: Long sword |    28 |    27 ||    55
